 Dungeon Crawl Stone Soup version 0.29.1-2-gbd0b4ee654 (webtiles) character file.

Game seed: 813959340432748925

59 qeuew the Shooter (level 3, 0/18 HPs)
             Began as a Spriggan Hunter on Nov 2, 2022.
             Slain by a goblin
             ... wielding a +0 dagger
             ... led by Robin
              (5 damage)
             ... on level 2 of the Dungeon on Nov 3, 2022.
             The game lasted 00:03:57 (1356 turns).

qeuew the Shooter (Spriggan Hunter)                 Turns: 1356, Time: 00:03:58

Health: 0/18       AC:  2    Str:  7    XL:     3   Next: 78%
Magic:  4/4        EV: 18    Int: 10    God:
Gold:   113        SH:  0    Dex: 20    Spells: 2/2 levels left

rFire   . . .      SeeInvis +   a - +0 shortbow
rCold   . . .      Faith    .   (shield currently unavailable)
rNeg    . . .      Spirit   .   c - +0 robe
rPois   .          Reflect  .   (helmet restricted)
rElec   .          Harm     .   (no cloak)
rCorr   .          Rampage  .   (gloves unavailable)
Will    .....                   (boots unavailable)
Stlth   +++.......              (no amulet)
HPRegen 0.06/turn               (no ring)
MPRegen 0.09/turn               (no ring)

@: very quick
A: very small, no large weapons, unfitting armour, see invisible, speed 3
a: no special abilities


You were on level 2 of the Dungeon.
You visited 1 branch of the dungeon, and saw 2 of its levels.

You collected 113 gold pieces.

Inventory:

Hand Weapons
 a - a +0 shortbow (weapon)
Armour
 c - a +0 robe (worn)
Scrolls
 b - a scroll of teleportation
 d - 2 scrolls of butterflies
 e - a scroll of identify


   Skills:
 + Level 1.7 Fighting
 + Level 5.0 Ranged Weapons
 * Level 3.1 Dodging
 * Level 2.7 Stealth


You had 2 spell levels left.
You didn't know any spells.
Your spell library was empty.

Dungeon Overview and Level Annotations

Branches:
Dungeon (2/15)

Altars:

Annotations:
D:2 Robin


Innate Abilities, Weirdness & Mutations

You are very small and have problems with some larger weapons.
You are too small for most types of armour.
You have supernaturally acute eyesight. (SInv)
You cover ground extremely quickly. (Speed+++)


Message History

The goblins go into a battle-frenzy!
Things that are here:
a +0 club; a goblin skeleton You shoot an arrow.
The arrow barely misses the hobgoblin.
The goblin shouts!
The arrow hits the goblin.
You kill the goblin!
You shoot an arrow.
The arrow hits the hobgoblin but does no damage.
The hobgoblin is almost dead.
Robin throws the goblin at you! The goblin closely misses you.
Robin says, "Duck!"
The goblin barely misses you.
You shoot an arrow. The arrow barely misses the hobgoblin.
The goblin hits you with a +0 dagger. The hobgoblin barely misses you.
You shoot an arrow. The arrow hits the hobgoblin.
You kill the hobgoblin!
The goblin barely misses you.
You shoot an arrow.
The arrow hits the goblin but does no damage.
The goblin closely misses you.
You shoot an arrow. The arrow hits Robin.
Robin is lightly wounded.
Robin hits you with a +0 whip. The goblin closely misses you.
Robin hits you but does no damage. The goblin completely misses you.
You shoot an arrow. The arrow hits Robin!
Robin is heavily wounded.
Robin barely misses you. The goblin misses you.
You shoot an arrow. The arrow hits Robin.
Robin is severely wounded.
Robin misses you. The goblin hits you with a +0 dagger.
You shoot an arrow.
The arrow hits Robin but does no damage.
Robin is severely wounded.
Robin closely misses you. The goblin closely misses you.
You shoot an arrow. The arrow barely misses Robin.
Robin hits you with a +0 whip.
* * * LOW HITPOINT WARNING * * *
The goblin hits you with a +0 dagger.
You die...

#.#### #.# ## #.#
#. #.###. #.....
################.
##)..........(....
#>g...###########.
#@###..######## ##
#g# ##.)......#
..# ###.##.#.#
)..# #.#....#
....' #.#.##.#
.....# #.#....##
......#
#.####..###
.).....# #.#
#..... ..# #.##..


You could see Robin and a goblin (strong).

Vanquished Creatures
  Terence (D:2)
  A dart slug (D:1)
  5 endoplasms (D:1)
  A giant cockroach (D:1)
  8 goblins
  3 hobgoblins (D:2)
  4 kobolds
  A bat (D:2)
  A frilled lizard (D:2)
  4 rats (D:1)
29 creatures vanquished.

Notes
Turn   | Place    | Note
-------+----------+-------------------------------------------
     0 | D:1      | qeuew the Spriggan Hunter began the quest for the Orb.
     0 | D:1      | Reached XP level 1. HP: 10/10 MP: 2/2
    49 | D:1      | Reached XP level 2. HP: 14/14 MP: 3/3
   409 | D:1      | Found a faded altar of an unknown god.
  1083 | D:2      | Reached XP level 3. HP: 13/18 MP: 4/4
  1197 | D:2      | Noticed Terence
  1203 | D:2      | Killed Terence
  1204 | D:2      | Reached skill level 5 in Ranged Weapons
  1345 | D:2      | Noticed Robin
  1356 | D:2      | Slain by a goblin

Illustrated notes

Levels and vault maps discovered:
D:1:      amcnicky_arrival_gap_in_the_tavern_cellar, layout_rooms,
          dreamdust_ecumenical_altar_statues, roderic_roman_lattice
D:2:      layout_basic, serial_bayou_ford_a, uniq_terence, uniq_robin

Skill      XL: |  1  2  3 |
---------------+----------+-----
Stealth        | 2 |  2.7
Dodging        | 3 |  3.1
Ranged Weapons | 5 |  5.0
Fighting       | |  1.7

Action                   || total
-------------------------++-------
 Fire: Shortbow          ||    72
  Use: Scroll            ||     4
       Potion            ||     1
Armor: Robe              ||     3
Dodge: Dodged            ||    36
